 Dungeon Crawl Stone Soup version 0.24.0-13-gcf9b319 (webtiles) character file.

Game seed: 2716861850265423529, levelgen mode: deterministic

37 ClockworkOrrery the Skirmisher (level 3, 0/25 HPs)
             Began as a Gargoyle Fighter on Mar 26, 2020.
             Slain by a rat (2 damage)
             ... on level 2 of the Dungeon.
             The game lasted 00:01:39 (1117 turns).

ClockworkOrrery the Skirmisher (Gargoyle Fighter)   Turns: 1117, Time: 00:01:40

Health: 0/25       AC: 10    Str: 19    XL:     3   Next: 39%
Magic:  3/3        EV:  7    Int:  9    God:
Gold:   77         SH:  9    Dex:  9    Spells: 2/2 levels left

rFire    . . .     SeeInvis .   a - +0 flail
rCold    . . .     Gourm    .   c - +0 shield
rNeg     + . .     Faith    .   b - +0 scale mail
rPois    ∞         Spirit   .   (no helmet)
rElec    +         Reflect  .   (no cloak)
rCorr    .         Harm     .   (no gloves)
MR       .....                  (no boots)
Stlth    ..........             (no amulet)
HPRegen  0.08/turn              (no ring)
MPRegen  0.08/turn              (no ring)

@: no status effects
A: negative energy resistance 1, electricity resistance, unbreathing,
petrification resistance, rot immunity, AC +3
a: no special abilities


You were on level 2 of the Dungeon.
You were not hungry.

You visited 1 branch of the dungeon, and saw 2 of its levels.

You collected 77 gold pieces.

Inventory:

Hand Weapons
 a - a +0 flail (weapon)
Armour
 b - a +0 scale mail (worn)
 c - a +0 shield (worn)
Scrolls
 e - 2 scrolls of enchant weapon {unknown}
 j - 2 scrolls of teleportation {unknown}
 k - a scroll of random uselessness {unknown}
 l - a scroll of amnesia {unknown}
 m - 2 scrolls of fear {unknown}
Potions
 d - a potion of might
 h - a potion of degeneration {unknown}
 i - 2 potions of curing {unknown}
 n - a potion of magic {unknown}
Comestibles
 f - 3 rations


   Skills:
 * Level 4.8 Fighting
 - Level 2.0 Maces & Flails
 - Level 3.2 Armour
 - Level 3.2 Shields


You had 2 spell levels left.
You didn't know any spells.
Your spell library was empty.

Dungeon Overview and Level Annotations

Branches:
Dungeon (2/15)

Altars:


Innate Abilities, Weirdness & Mutations

You are resistant to torment.
Your stone body is resilient. (AC +3)
You are immune to poison.
You resist negative energy. (rN+)
You are resistant to electric shocks. (rElec)
You can survive without breathing.
You are immune to petrification.
You are immune to rotting.


Message History

You closely miss the adder. The rat bites you but does no damage.
The adder bites you but does no damage. The rat barely misses you.
You block the rat's attack. The adder bites you.
* * * LOW HITPOINT WARNING * * *
You sock the adder!
The adder is severely wounded.
You block the rat's attack. The adder barely misses you.
The rat closely misses you. The rat bites you.
* * * LOW HITPOINT WARNING * * *
You miss the adder.
The adder is severely wounded.
The adder bites you but does no damage. The rat barely misses you.
You block the rat's attack. The adder closely misses you.
You closely miss the adder.
The adder is severely wounded.
The adder bites you but does no damage. The rat bites you.
* * * LOW HITPOINT WARNING * * *
You block the rat's attack. The adder bites you but does no damage.
The rat bites you.
You die...

. #..........# ...
#..........#
....##....<.....#
..................
.....#..........##
.....#.....(....#
................#
.....brrS..####.#
....#.#@##..# ...
......####...# #.
##b. ...≈≈ ....
.♣..≈# ..## .... .
♣..


You could see an adder, a bat and 2 rats.

Vanquished Creatures
  An adder (D:2)
  2 dart slugs
  A bat (D:1)
  3 giant cockroaches
  2 goblins (D:1)
  2 hobgoblins (D:1)
  4 jackals (D:1)
  3 kobolds (D:1)
  A frilled lizard (D:1)
  A rat (D:1)
20 creatures vanquished.

Notes
Turn   | Place    | Note
-------+----------+-------------------------------------------
     0 | D:1      | ClockworkOrrery the Gargoyle Fighter began the quest for
                  | the Orb.
     0 | D:1      | Reached XP level 1. HP: 14/14 MP: 1/1
   365 | D:1      | Reached XP level 2. HP: 20/20 MP: 2/2
   516 | D:1      | Reached skill level 4 in Fighting
   774 | D:1      | You fall into a shaft and drop 1 floor!
   789 | D:2      | Reached XP level 3. HP: 24/24 MP: 3/3
  1117 | D:2      | Slain by a rat

Levels and vault maps discovered:
D:1:      lightli_arrival_boilingwater, layout_loops_corners,
          minmay_tetromino_o2
D:2:      layout_rooms, evilmike_ruin_ashenzari, elyvilon_altar_4,
          uniq_crazy_yiuf_cottage, uniq_jessica

Skill      XL: |  1  2 |
---------------+-------+-----
Fighting       | 4 |  4.8
Maces & Flails | |  2.0
Armour         | |  3.2
Shields        | |  3.2

Action                   || total
-------------------------++-------
Melee: Flail             ||    96
  Eat: Chunk             ||     1
Armor: Scale mail        ||    91
Dodge: Dodged            ||    52
Block: Shield            ||    79
